 Dungeon Crawl Stone Soup version 0.22-a0-425-g89d60a1 (webtiles) character file.

188670 iamserjio the Warrior (level 17, -1/168 HPs)
             Began as a Minotaur Monk on May 23, 2018.
             Was the Champion of Wu Jian.
             Shot with a bolt by Vashnia (31 damage)
             ... on level 4 of the Snake Pit on May 24, 2018.
             The game lasted 02:01:26 (43256 turns).

iamserjio the Warrior (Minotaur Monk)              Turns: 43256, Time: 02:01:27

Health: -1/168     AC: 23    Str: 22    XL:     17   Next: 92%
Magic:  25/25      EV: 28    Int:  7    God:    Wu Jian [******]
Gold:   1355       SH:  6    Dex: 34    Spells: 12/16 levels left

rFire    . . .     SeeInvis .   L - +9 sword of Zonguldrok {reap}
rCold    + . .     Gourm    .   l - +0 buckler "Mynietza" {rC+ MP+9 Str+3}
rNeg     . . .     Faith    .   v - +4 ring mail of Youthful Indiscretion {+Inv rPois Dex+4}
rPois    +         Spirit   .   (helmet restricted)
rElec    .         Reflect  .   H - +2 cloak
rCorr    .         Harm     .   a - +2 pair of gloves {Dex+3}
MR       +....                  E - +2 pair of boots
Stlth    +.........             N - amulet of Viybih {rPois Regen+ Dex+6}
HPRegen  0.78/turn              z - +6 ring of slaying
MPRegen  0.19/turn              u - +4 ring of dexterity

@: glowing, constricted, studying Throwing, heavenly storm
A: retaliatory headbutt, horns 2
a: Wall Jump, Serpent's Lash, Heavenly Storm, Renounce Religion, Evoke
Invisibility


You were on level 4 of the Snake Pit.
You worshipped Wu Jian.
Wu Jian was exalted by your worship.
You were not hungry.

You visited 6 branches of the dungeon, and saw 27 of its levels.
You visited the Abyss 1 time.
You also visited: Ice Cave.

You collected 3134 gold pieces.
You spent 1779 gold pieces at shops.

Inventory:

Hand Weapons
 s - a +5 scimitar of electrocution
 J - the +7 falchion of the Tomato {slice, +Rage rF- Str+4 Dex+3}
   (You took it off a deep elf death mage on level 3 of the Elven Halls)

   It inflicts extra damage upon your enemies.
   It affects your strength (+4).
   It affects your dexterity (+3).
   It makes you vulnerable to fire.
   It lets you go berserk.
 L - the +9 sword of Zonguldrok (weapon) {reap}
   (You took it off a deep elf mage on level 1 of the Elven Halls)

   If a monster killed with it leaves a corpse in good enough shape, the corpse
   will be animated as a zombie friendly to the killer.
Missiles
 p - 32 tomahawks (quivered)
 W - 2 throwing nets
Armour
 a - a +2 pair of gloves of dexterity (worn)
 l - the +0 buckler "Mynietza" (worn) {rC+ MP+9 Str+3}
   (You bought it in a shop on level 2 of the Orcish Mines)

   It affects your strength (+3).
   It protects you from cold.
   It affects your magic capacity (+9).
 m - a scarf of resistance
 v - the +4 ring mail of Youthful Indiscretion (worn) {+Inv rPois Dex+4}
   (You found it on level 3 of the Snake Pit)

   It affects your dexterity (+4).
   It protects you from poison.
   It lets you turn invisible.
 E - a +2 pair of boots (worn)
 H - a +2 cloak (worn)
 K - a scarf of repulsion
 Q - a +4 plate armour of magic resistance
Jewellery
 d - an uncursed ring of see invisible
 j - an uncursed ring of protection from cold
 t - an uncursed ring of positive energy
 u - a +4 ring of dexterity (right hand)
 z - a +6 ring of slaying (left hand)
 F - an uncursed amulet of regeneration {unknown}
 N - the amulet of Viybih (around neck) {rPois Regen+ Dex+6}
   (You took it off a deep elf mage on level 3 of the Elven Halls)

   [amulet of regeneration]

   It affects your dexterity (+6).
   It protects you from poison.
   It increases your rate of regeneration.
Wands
 w - a wand of iceblast (12)
 B - a wand of acid (9)
 Y - a wand of clouds (5)
Scrolls
 e - 7 scrolls of teleportation
 f - 3 scrolls of immolation
 k - a scroll of fog
 o - 3 scrolls of blinking
 q - 8 scrolls of remove curse
 x - 7 scrolls of amnesia
 y - 9 scrolls of magic mapping
 I - 4 scrolls of vulnerability
 M - 2 scrolls of holy word
 X - 5 scrolls of fear
Potions
 b - a potion of mutation
 g - 8 potions of curing
 h - 5 potions of might
 r - 3 potions of berserk rage
 A - 3 potions of resistance
 C - 3 potions of brilliance
 D - 3 potions of haste
 G - 3 potions of cancellation
 O - 5 potions of agility
 R - 2 potions of heal wounds
 S - 2 potions of ambrosia
 U - 2 potions of invisibility {unknown}
 V - a potion of magic
 Z - a potion of lignification
Books
 T - a manual of Throwing
Miscellaneous
 i - a lamp of fire
 n - a lightning rod (4/4)
Comestibles
 c - 42 rations


   Skills:
 * Level 19.5 Fighting
 - Level 18.4 Long Blades
 + Level 11.7 Throwing
 + Level 15.3 Armour
 + Level 17.0 Dodging
 - Level 1.5 Stealth


You had 12 spell levels left.
You knew the following spells:

 Your Spells              Type           Power        Failure   Level  Hunger
a - Passage of Golubria   Tloc           N/A          100%        4    #####..

Your spell library contained the following spells:

 Spells                   Type           Power        Failure   Level  Hunger
 Cause Fear               Hex            #.........   100%        4    #####..
 Magic Dart               Conj           #...         71%         1    ##.....
 Lightning Bolt           Conj/Air       #.........   100%        5    ######.
 Slow                     Hex            #.......     85%         2    ###....
 Teleport Other           Tloc           #.......     97%         3    ####...
 Blink                    Tloc           N/A          85%         2    ###....
 Iskenderun's Mystic Bla  Conj           #.......     100%        4    #####..
 Animate Dead             Necr           N/A          100%        4    #####..
 Pain                     Necr           #...         71%         1    ##.....
 Regeneration             Chrm/Necr      #.........   97%         3    ####...
 Sting                    Conj/Pois      #...         71%         1    ##.....
 Corpse Rot               Necr           N/A          85%         2    ###....
 Stone Arrow              Conj/Erth      #.....       97%         3    ####...
 Shock                    Conj/Air       #...         71%         1    ##.....
 Swiftness                Chrm/Air       #.......     85%         2    ###....
 Recall                   Summ/Tloc      N/A          97%         3    ####...
 Agony                    Necr           #.......     100%        5    ######.
 Spider Form              Tmut/Pois      #.........   97%         3    ####...
 Blade Hands              Tmut           #.........   100%        5    ######.
 Ice Form                 Ice/Tmut       #.......     100%        4    #####..
 Death Channel            Necr           #.........   100%        6    #######
 Airstrike                Air            #.........   100%        4    #####..
 Shadow Creatures         Summ           N/A          100%        6    #######
 Passwall                 Tmut/Erth      #.........   85%         2    ###....
 Sticks to Snakes         Tmut           #.......     85%         2    ###....
 Ensorcelled Hibernation  Hex/Ice        #.....       85%         2    ###....
 Silence                  Hex/Air        #.........   100%        5    ######.
 Shatter                  Erth           #.........   100%        9    #######
 Static Discharge         Conj/Air       #.......     97%         3    ####...
 Corona                   Hex            #......      71%         1    ##.....
 Lee's Rapid Deconstruct  Erth           #.........   100%        5    ######.
 Sandblast                Erth           #.....       71%         1    ##.....
 Simulacrum               Ice/Necr       #.........   100%        6    #######
 Portal Projectile        Hex/Tloc       #.....       97%         3    ####...
 Petrify                  Tmut/Erth      #.......     100%        4    #####..
 Tornado                  Air            #.........   100%        9    #######
 Leda's Liquefaction      Hex/Erth       #.........   100%        4    #####..
 Darkness                 Hex            #.........   100%        6    #######
 Shroud of Golubria       Chrm/Tloc      #.........   85%         2    ###....
 Inner Flame              Hex/Fire       #.......     97%         3    ####...
 Beastly Appendage        Tmut           #.....       71%         1    ##.....
 Fulminant Prism          Conj/Hex       #.........   100%        4    #####..
 Dazzling Spray           Conj/Hex       #.....       97%         3    ####...
 Force Lance              Conj/Tloc      #.......     100%        4    #####..
 Infusion                 Chrm           #...         71%         1    ##.....
 Song of Slaying          Chrm           #.......     85%         2    ###....
 Spectral Weapon          Hex/Chrm       #.......     97%         3    ####...
 Searing Ray              Conj           #.....       85%         2    ###....
 Summon Guardian Golem    Hex/Summ       #.......     97%         3    ####...
 Gell's Gravitas          Tloc           #.........   97%         3    ####...
 Lesser Beckoning         Tloc           #.........   97%         3    ####...
 Poisonous Vapours        Pois/Air       #.....       85%         2    ###....
 Borgnjor's Vile Clutch   Necr/Erth      #.........   100%        5    ######.


Dungeon Overview and Level Annotations

Branches:
Dungeon (11/15)            Temple (1/1) D:4            Lair (6/6) D:9
 Shoals (0/4) Lair:4        Snake (4/4) Lair:2        Slime (0/5) Lair:5
    Orc (2/2) D:9             Elf (3/3) Orc:2

Altars:
Ashenzari
Cheibriados
Dithmenos
Elyvilon
Fedhas
Hepliaklqana
Kikubaaqudgha
Nemelex Xobeh
Qazlal
Ru
Sif Muna
Vehumet
Wu Jian
Yredelemnul
Zin
The Shining One
Jiyva

Shops:
Orc:2 [=(*   Elf:2 [   Snake:3 =%[*[

Annotations:
Snake:1 1 exclusion
Snake:4 Vashnia


Innate Abilities, Weirdness & Mutations

You reflexively headbutt those who attack you in melee.
You have a pair of horns on your head.


Message History

Items here: ( )) [ an uncursed short sword; a robe; an uncursed shortbow; 25 arrows You slash Vashnia!
You headbutt Vashnia!
Vashnia is moderately wounded.
Your shock serpent zombie bites Vashnia but does no damage.
The naga sharpshooter shoots an arrow.
The arrow completely misses you.
The naga sharpshooter gestures wildly while chanting.
The naga sharpshooter magically shoots an arrow.
The arrow hits you but does no damage.
Your anaconda zombie bites Vashnia.
Your anaconda zombie constricts Vashnia.
You hit Vashnia.
Vashnia is moderately wounded.
Your shock serpent zombie bites Vashnia but does no damage.
Your anaconda zombie bites Vashnia!
Your anaconda zombie constricts Vashnia.
Vashnia unwields an uncursed flail of protection.
Vashnia wields an uncursed arbalest.
Vashnia casts a spell.
Vashnia magically shoots a bolt.
The bolt hits you!!
You die...

....# ....+
#............. ....#
#(............ )...#
#..........(.. ....#
#............. ....#
#.............
)...####+###..§§§§§§.....
..............§N§§§§.....
..........<...§N@§#
#....#####++###§N§#
##...# +ZZ§# #..)# #)..#
##Z.# #(".###### #.Z#
#.(....... #..#
#(........ #..#
#.(.......
#..##########....(....


You could see Vashnia, 2 naga sharpshooters, a friendly anaconda zombie and a
friendly shock serpent zombie.

Vanquished Creatures
  2 deep elf master archers (Elf:3)
  Agnes (Snake:3)
  2 deep elf blademasters (Elf:3)
  2 tentacled starspawn (Abyss:3)
  2 nagarajas
  4 deep elf sorcerers (Elf:3)
  Aizul (Elf:1)
  Louise (Snake:2)
  4 deep elf elementalists (Elf:3)
  7 deep elf demonologists (Elf:3)
  3 deep elf annihilators (Elf:3)
  The ghost of tstbtto the Champion of Chaos, a journeyman DDFi of Makhleb (Lair:6)
  8 deep elf death magi
  3 deep elf high priests
  5 naga warriors
  11 hydras
  4 anacondas
  An alligator (shapeshifter) (Elf:1)
  3 naga sharpshooters
  32 dancing weapons
  5 two-headed ogres
  4 thrashing horrors (Abyss:3)
  15 deep elf knights
  5 orc high priests
  Nergalle (Lair:2)
  4 shock serpents
  3 unseen horrors (D:11)
  2 naga ritualists (Snake:3)
  13 deep elf archers
  6 starcursed masses (Abyss:3)
  Pikel (D:6)
  4 shambling mangroves
  44 deep elf magi
  2 necromancers
  2 mana vipers
  An oklob plant (Snake:1)
  A wolf spider (Lair:6)
  An orc sorcerer (Orc:2)
  5 salamanders
  An ugly thing (D:11)
  5 elephants (Lair:4)
  2 large abominations (Abyss:3)
  35 black mambas
  5 naga magi
  A torpor snail (Lair:5)
  15 spiny frogs
  2 guardian serpents
  3 ice statues (IceCv)
  A rime drake (Lair:6)
  4 komodo dragons
  An efreet (Abyss:3)
  7 ice devils (IceCv)
  An ancient zyme (Abyss:3)
  A polar bear (Lair:5)
  A wandering mushroom (Lair:3)
  10 hornets
  2 trolls
  A wind drake (shapeshifter) (Abyss:3)
  6 hippogriffs
  29 blink frogs
  4 raiju (Abyss:3)
  13 dream sheep
  2 ynoxinuls (Abyss:3)
  A redback (Lair:6)
  3 air elementals
  3 water elementals (Elf:2)
  A human (D:7)
  11 wyverns
  A wraith (D:11)
  3 hogs (D:7)
  47 yaks
  A small abomination (Abyss:3)
  3 basilisks
  A neqoxec (Abyss:3)
  5 wargs
  A chaos spawn (Abyss:3)
  17 nagas
  A soldier ant (D:6)
  An acid dragon (D:11)
  22 water moccasins
  11 porcupines
  The ghost of iamserjio the Ducker, an amateur FeMo (D:5)
  13 orc warriors
  An ice beast (D:10)
  A sky beast (shapeshifter) (Elf:2)
  2 slaves (D:6)
  2 sky beasts
  6 wolves (Lair:2)
  4 centaurs
  7 ogres
  12 crocodiles
  2 big kobolds
  13 bullfrogs
  2 earth elementals
  A water moccasin zombie (D:9)
  4 killer bees (D:7)
  5 wights
  7 electric eels
  5 howler monkeys
  3 centaur zombies
  6 crimson imps
  3 quasits
  2 draconian simulacra (IceCv)
  6 hounds
  26 orc wizards
  3 iguanas
  32 orc priests
  14 hell rats
  3 troll simulacra (IceCv)
  4 worker ants
  2 polar bear simulacra (Lair:4)
  3 yak simulacra (Lair:4)
  A wolf simulacrum (Lair:4)
  A centaur simulacrum (IceCv)
  2 hound zombies
  3 hound skeletons
  A mummy (D:5)
  2 worker ant zombies
  8 gnolls
  9 river rats (Lair:1)
  8 adders
  3 naga simulacra (IceCv)
  An ogre simulacrum (IceCv)
  5 shadow imps
  12 white imps (D:11)
  2 adder zombies (D:8)
  An adder skeleton (D:6)
  5 leopard geckos
  68 orcs
  A ball python (D:4)
  6 bats
  6 giant cockroaches
  7 goblins
  A hobgoblin (D:3)
  20 jackals
  9 quokkas
  5 frilled lizards
  3 hobgoblin zombies (D:5)
  13 kobolds
  2 leopard gecko skeletons
  An orc zombie (D:5)
  15 rats
  5 river rat simulacra (Lair:4)
  2 butterflies (Lair:2)
  3 starspawn tentacles (Abyss:3)
927 creatures vanquished.

Vanquished Creatures (collateral kills)
  3 naga sharpshooters
  A deep elf mage (Elf:2)
  A mana viper (Snake:4)
  A black mamba (Snake:3)
  A naga (Snake:2)
7 creatures vanquished.

Vanquished Creatures (others)
  A komodo dragon (Lair:5)
  An eye of draining (Abyss:3)
  A slave (D:7)
  A wight (D:6)
  An electric eel (D:9)
  An orc priest (Orc:2)
  An orc wizard (Orc:2)
  A goblin (D:3)
  2 bushes (Lair:6)
  29 fungi
  A lurking horror (Abyss:3)
  35 plants
  10 starspawn tentacles (Abyss:3)
85 creatures vanquished.

Grand Total: 1019 creatures vanquished

Notes
Turn   | Place    | Note
-------+----------+-------------------------------------------
     0 | D:1      | iamserjio the Minotaur Monk began the quest for the Orb.
     0 | D:1      | Reached XP level 1. HP: 19/19 MP: 0/0
   354 | D:1      | Reached XP level 2. HP: 11/27 MP: 1/1
   741 | D:1      | Reached skill level 1 in Armour
   916 | D:2      | Reached skill level 4 in Fighting
   916 | D:2      | Reached XP level 3. HP: 23/33 MP: 2/2
  1620 | D:3      | Noticed a centaur
  1658 | D:3      | Killed a centaur
  1658 | D:3      | Reached skill level 5 in Long Blades
  1658 | D:3      | Reached XP level 4. HP: 15/41 MP: 3/3
  1658 | D:3      | Reached XP level 5. HP: 17/47 MP: 4/4
  1867 | D:3      | Found a sacrificial altar of Ru.
  1958 | D:3      | Found Zin's Purification Station.
  1958 | D:3      | Found a glowing silver altar of Zin.
  1966 | D:3      | Bought a potion of curing for 90 gold pieces
  2943 | D:4      | Reached XP level 6. HP: 55/55 MP: 5/5
  2961 | D:4      | Reached skill level 5 in Fighting
  3092 | D:4      | Found a staircase to the Ecumenical Temple.
  3235 | D:4      | Found a snail-covered altar of Cheibriados.
  3235 | D:4      | Found a sparkling altar of Nemelex Xobeh.
  3236 | D:4      | Found a shadowy altar of Dithmenos.
  3369 | D:5      | Entered Level 5 of the Dungeon
  3407 | D:5      | Got a bloodstained ring mail
  3808 | D:4      | Identified the +2 ring mail of Decompression {+Blink rPois rC++ Dex-3} (You found it on level 5 of the Dungeon)
  3825 | D:5      | Found a basalt altar of Yredelemnul.
  3902 | D:5      | Reached XP level 7. HP: 30/61 MP: 6/6
  4129 | D:5      | Noticed iamserjio's ghost (amateur FeMo)
  4407 | D:5      | Killed iamserjio's ghost
  4407 | D:5      | Reached skill level 5 in Dodging
  4847 | D:6      | Reached skill level 6 in Fighting
  5148 | D:6      | Noticed Pikel
  5505 | D:6      | Reached XP level 8. HP: 70/70 MP: 7/7
  5587 | D:6      | Found a shadowy altar of Dithmenos.
  5649 | D:6      | Reached skill level 5 in Armour
  5845 | D:6      | Killed Pikel
  6039 | D:7      | Noticed a hippogriff
  6047 | D:7      | Killed a hippogriff
  6047 | D:7      | Reached skill level 7 in Fighting
  6363 | D:7      | Reached XP level 9. HP: 79/79 MP: 8/8
  7005 | Temple   | Entered the Ecumenical Temple
  7044 | Temple   | Became a worshipper of the Wu Jian Council
  7044 | Temple   | Reached * piety under Wu Jian
  7044 | Temple   | Reached ** piety under Wu Jian
  7561 | D:7      | Reached skill level 10 in Long Blades
  8157 | D:8      | Reached skill level 8 in Fighting
  8605 | D:8      | Reached *** piety under Wu Jian
  9043 | D:9      | Found an ancient bone altar of Kikubaaqudgha.
  9113 | D:9      | Reached XP level 10. HP: 81/88 MP: 9/9
  9481 | D:9      | Reached skill level 1 in Throwing
  9816 | D:9      | Found a staircase to the Orcish Mines.
  9822 | D:9      | Noticed a two-headed ogre
  9846 | D:9      | Killed a two-headed ogre
 10728 | D:9      | Found a staircase to the Lair.
 11307 | D:10     | Entered Level 10 of the Dungeon
 11347 | D:10     | Reached skill level 10 in Armour
 11352 | D:10     | HP: 4/90 [yak (12)]
 11712 | D:10     | Found a white marble altar of Elyvilon.
 11742 | D:10     | Noticed a deep elf mage
 11751 | D:10     | Killed a deep elf mage
 11751 | D:10     | Reached skill level 9 in Fighting
 12199 | D:11     | Found a frozen archway.
 12200 | D:11     | Noticed a two-headed ogre
 12224 | D:11     | Killed a two-headed ogre
 12224 | D:11     | Reached **** piety under Wu Jian
 12224 | D:11     | Reached XP level 11. HP: 59/97 MP: 10/10
 12347 | IceCv    | Entered an ice cave
 15065 | IceCv    | Noticed a necromancer
 15074 | IceCv    | Killed a necromancer
 15077 | IceCv    | Got a steaming dagger {venom}
 16037 | D:11     | Noticed an unseen horror
 16044 | D:11     | Killed an unseen horror
 16044 | D:11     | Reached skill level 10 in Fighting
 16087 | D:11     | Noticed a five-headed hydra
 16095 | D:11     | Killed a five-headed hydra
 16354 | D:11     | Noticed a two-headed ogre
 16369 | D:11     | Killed a two-headed ogre
 16508 | D:11     | Noticed a two-headed ogre
 16517 | D:11     | Killed a two-headed ogre
 16568 | D:11     | Noticed an unseen horror
 16590 | D:11     | Killed an unseen horror
 16590 | D:11     | Reached XP level 12. HP: 54/107 MP: 11/11
 17037 | D:11     | Reached ***** piety under Wu Jian
 17099 | D:11     | Identified a scroll of acquirement
 17828 | Lair:1   | Entered Level 1 of the Lair of Beasts
 17862 | Lair:1   | Identified the +7 dagger "Fisakueh" {venom, Str+4} (You took it off a necromancer in an ice cave)
 18256 | Lair:1   | You fall through a shaft!
 18328 | Lair:2   | Reached skill level 10 in Dodging
 18555 | Lair:2   | Reached skill level 11 in Fighting
 18641 | Lair:2   | Found a staircase to the Snake Pit.
 18712 | Lair:2   | Noticed Nergalle
 18829 | Lair:2   | Killed Nergalle
 19185 | Lair:3   | Noticed an eight-headed hydra
 19191 | Lair:3   | Killed an eight-headed hydra
 19192 | Lair:3   | Noticed a five-headed hydra
 19204 | Lair:3   | Killed a five-headed hydra
 19310 | Lair:3   | Noticed a four-headed hydra
 19314 | Lair:3   | Noticed an eight-headed hydra
 19320 | Lair:3   | Killed a four-headed hydra
 19327 | Lair:3   | Killed an eight-headed hydra
 19603 | Lair:3   | Reached XP level 13. HP: 89/116 MP: 12/12
 20140 | Lair:4   | Found a staircase to the Shoals.
 20853 | Lair:4   | Reached skill level 12 in Fighting
 21209 | Lair:5   | Reached skill level 15 in Armour
 21359 | Lair:5   | Reached ****** piety under Wu Jian
 21434 | Lair:5   | Reached skill level 15 in Long Blades
 22357 | Lair:5   | Found a viscous altar of Jiyva.
 22358 | Lair:5   | Found a staircase to the Slime Pits.
 22408 | Lair:6   | Entered Level 6 of the Lair of Beasts
 22413 | Lair:6   | Noticed tstbtto's ghost (journeyman DDFi)
 22890 | Lair:6   | Reached skill level 13 in Fighting
 23363 | Lair:5   | Reached XP level 14. HP: 95/129 MP: 13/13
 25139 | Lair:6   | Killed tstbtto's ghost
 25528 | Lair:6   | Reached skill level 14 in Fighting
 25944 | Lair:6   | Paralysed by a hornet for 3 turns
 26177 | Lair:6   | Found the +8 frozen axe "Frostbite" {freezing cloud, *Noise +Fly rC+}
 26494 | Lair:3   | Paralysed by a hornet for 1 turns
 27898 | Orc:1    | Entered Level 1 of the Orcish Mines
 28146 | Orc:2    | Entered Level 2 of the Orcish Mines
 28190 | Orc:2    | Found a staircase to the Elven Halls.
 29067 | Orc:2    | Found Ufauhog's Jewellery Boutique.
 29067 | Orc:2    | Found Ocozo's Antique Armour Boutique.
 29067 | Orc:2    | Found Seolaugess's Weapon Shop.
 29070 | Orc:2    | Found Acuulud's Assorted Antiques.
 29076 | Orc:2    | Bought an orange potion for 18 gold pieces
 29076 | Orc:2    | Bought a potion of agility for 84 gold pieces
 29076 | Orc:2    | Bought a scroll of identify for 42 gold pieces
 29076 | Orc:2    | Bought a scroll labeled FEOZOE OHUA for 21 gold pieces
 29334 | Orc:2    | Bought an ichor-stained buckler for 304 gold pieces
 29334 | Orc:2    | Bought an ichor-stained plate armour for 896 gold pieces
 29344 | Orc:2    | Identified the +5 plate armour "Vuabbehump" {Int+4} (You bought it in a shop on level 2 of the Orcish Mines)
 29354 | Orc:2    | Identified the cursed +0 buckler "Mynietza" {rC+ MP+9 Str+3} (You bought it in a shop on level 2 of the Orcish Mines)
 29368 | Orc:2    | Bought a +4 ring of dexterity for 324 gold pieces
 29428 | Elf:1    | Entered Level 1 of the Elven Halls
 29447 | Elf:1    | Found a radiant altar of Vehumet.
 30003 | Orc:2    | Reached skill level 5 in Throwing
 30618 | Elf:1    | Reached XP level 15. HP: 139/139 MP: 14/14
 30633 | Elf:1    | Reached skill level 15 in Fighting
 31064 | Elf:1    | Noticed Aizul
 31086 | Elf:1    | Killed Aizul
 33265 | Elf:2    | Found a huge runed gate.
 33265 | Elf:2    | Found a huge runed gate.
 33265 | Elf:2    | Found a huge runed gate.
 33265 | Elf:2    | Found a huge runed gate.
 33265 | Elf:2    | Found a huge runed gate.
 33727 | Elf:2    | Found Godic's Armour Boutique.
 33796 | Elf:2    | Reached skill level 16 in Fighting
 34129 | Elf:2    | Got an encrusted scimitar
 34195 | Elf:2    | Got an ancient leather armour
 34665 | Elf:2    | Reached skill level 15 in Dodging
 34675 | Elf:2    | Reached XP level 16. HP: 64/151 MP: 15/15
 35554 | Elf:2    | Identified the +3 scimitar of Foolhardiness {flame, Int+4 Dex+2} (You found it on level 2 of the Elven Halls)
 35567 | Elf:2    | Identified the +2 leather armour of Ysei {Int+5} (You found it on level 2 of the Elven Halls)
 35863 | Elf:2    | Upgraded the game from 0.22-a0-423-g4197694 to 0.22-a0-425-g89d60a1
 35866 | Elf:3    | Entered Level 3 of the Elven Halls
 35967 | Elf:3    | Found a radiant altar of Vehumet.
 37247 | Elf:3    | Noticed a Brimstone Fiend
 37949 | Elf:3    | Cast into level 3 of the Abyss (a deep elf sorcerer)
 37988 | Abyss:3  | Noticed a tentacled starspawn
 38011 | Abyss:3  | Killed a tentacled starspawn
 38011 | Abyss:3  | Reached skill level 17 in Fighting
 38560 | Abyss:3  | Found a corrupted altar of Lugonu.
 38569 | Abyss:3  | Paralysed by accursed screaming for 1 turns
 38850 | Abyss:3  | Noticed a tentacled starspawn
 38876 | Abyss:3  | Killed a tentacled starspawn
 38879 | Elf:3    | Escaped the Abyss
 39031 | Elf:3    | Noticed an Executioner
 39032 | Elf:3    | Noticed an Ice Fiend
 39316 | Elf:3    | Noticed an Executioner
 39380 | Elf:3    | Got a scorched golden amulet
 39545 | Elf:3    | Reached skill level 10 in Throwing
 39545 | Elf:3    | Reached XP level 17. HP: 162/162 MP: 16/16
 39606 | Elf:3    | Noticed a deep elf master archer
 39617 | Elf:3    | Killed a deep elf master archer
 39664 | Elf:3    | Identified the amulet of Viybih {rPois Regen+ Dex+6} (You took it off a deep elf mage on level 3 of the Elven Halls)
 39672 | Elf:3    | Noticed a deep elf blademaster
 39901 | Elf:3    | Killed a deep elf blademaster
 39901 | Elf:3    | Reached skill level 18 in Fighting
 40313 | Elf:3    | Got a coiled brass ring
 40332 | Elf:3    | Noticed a deep elf master archer
 40343 | Elf:3    | Killed a deep elf master archer
 40344 | Elf:3    | Identified the Guide on Doomed Venom
 40453 | Elf:3    | Got a transparent falchion {slice}
 40486 | Elf:3    | Noticed a deep elf blademaster
 40498 | Elf:3    | Identified the Papyrus of the Hunter
 40502 | Elf:3    | Killed a deep elf blademaster
 40518 | Elf:3    | Identified the Disquisition on Stones and Enchantment
 40524 | Elf:3    | Identified the +7 falchion of the Tomato {slice, +Rage rF- Str+4 Dex+3} (You took it off a deep elf death mage on level 3 of the Elven Halls)
 40530 | Elf:3    | Identified the ring "Puampeazint" {Fire Dex+2} (You took it off a deep elf demonologist on level 3 of the Elven Halls)
 40557 | Elf:3    | Learned a level 4 spell: Passage of Golubria
 40851 | Snake:1  | Entered Level 1 of the Snake Pit
 40851 | Snake:1  | Found an ornate altar of the Wu Jian Council.
 41910 | Snake:2  | Noticed Louise
 41929 | Snake:2  | Killed Louise
 42404 | Snake:2  | Reached skill level 19 in Fighting
 42563 | Snake:3  | Noticed Agnes
 42575 | Snake:3  | Killed Agnes
 42884 | Snake:3  | Found Neng's Antique Armour Emporium.
 42885 | Snake:3  | Found Eshrolow's Assorted Antiques.
 42885 | Snake:3  | Found Haonati's Armour Shoppe.
 42889 | Snake:3  | Found Weireim's Food Shoppe.
 43057 | Snake:3  | Found Jekoed's Jewellery Shop.
 43174 | Snake:3  | Got a bloodstained ring mail
 43185 | Snake:3  | Identified the +4 ring mail of Youthful Indiscretion {+Inv rPois Dex+4} (You found it on level 3 of the Snake Pit)
 43191 | Snake:4  | Entered Level 4 of the Snake Pit
 43243 | Snake:4  | Noticed Vashnia
 43256 | Snake:4  | Shot with a bolt by Vashnia

Vault maps used:
D:1:      lightli_arrival_boilingwater
D:3:      lemuel_coloured_pillars_altar, zin_purify
D:4:      gammafunk_temple_overflow_forgotten, minmay_temple_entry_overgrown
D:5:      kennysheep_mini_moat, first_ration, minmay_mini_ossuary
D:6:      basic_altar, nrook_mini_vaults, uniq_pikel
D:7:      grunt_livestock
D:9:      kiku_gazebo_pond_becter, erik_lair_orcish_takeover,
          minmay_misc_feat_ornament, chequers_big_river, grunt_decor_resistance,
          hangedman_abyss_or_decor_clamps
D:10:     basic_altar
D:11:     serial_bayou, serial_bayou_pond_e, serial_bayou_crossing,
          serial_bayou_lagoon_b, serial_bayou_pond_d, portal_ice_cave_entry_imps
Temple:   regret_index_temple_waves
Lair:1:   lemuel_ratsnest, grunt_megastairs_5
Lair:2:   dummy_snake_entry, lemuel_fruit_fields, lemuel_fruit_tree,
          uniq_nergalle
Lair:3:   serial_bayou_pond_a, minmay_lair_oklob_chamber
Lair:4:   shoals_dummy_entry, grunt_forest_small_clearings,
          eino_house_with_fridge
Lair:5:   dpeg_slime_entry_enclosed_altar, grunt_megastairs_2,
          infiniplex_staircase_pool_2
Lair:6:   hangedman_lair_tendril_chambers, serial_bayou_pond_e
Snake:1:  spider_trap, lemuel_oklob_altar
Snake:2:  uniq_louise
Snake:3:  serial_shops, shop_statue, basic_stair_grate_trap, minmay_shoptagon,
          uniq_agnes
Snake:4:  snake_pit_salamanders_mu, uniq_vashnia
Orc:2:    st_orc_mages
Elf:1:    eino_elf_arrival_altar, kb_rosetta, uniq_aizul
Elf:2:    serial_shops, nicolae_shop_behind_doors
Elf:3:    elf_hall_gauntlet_wide, basic_altar
Abyss:3:  eino_small_chamber_without_monster, evilmike_abyss_exit_15,
          evilmike_abyss_exit_5
IceCv:    ice_cave_tombish

Skill      XL: |  1  2  3  4  5  6  7  8  9 10 11 12 13 14 15 16 17 |
---------------+----------------------------------------------------+-----
Long Blades    | 4 5 6 7 9 10 12 13 14 15 16 17 18 | 18.4
Armour         | 1 2 3 4 7 9 10 12 14 15 | 15.3
Fighting       | 4 5 6 7 8 9 10 11 13 14 16 17 19 | 19.5
Dodging        | 4 5 6 7 8 9 10 12 13 15 16 17 | 17.0
Throwing       | 3 4 5 7 10 11 | 11.7
Stealth        | |  1.5

Action                   |  1- 3 |  4- 6 |  7- 9 | 10-12 | 13-15 | 16-18 || total
-------------------------+-------+-------+-------+-------+-------+-------++-------
Melee: Falchion          |    70 |   142 |   461 |    49 |       |       ||   722
       Headbutt          |    14 |    34 |   121 |   283 |   563 |   231 ||  1246
       Long sword        |       |       |       |   626 |       |       ||   626
       Dagger            |       |       |       |   314 |  1270 |       ||  1584
       Scimitar          |       |       |       |       |   309 |       ||   309
       Double sword      |       |       |       |       |   160 |   686 ||   846
Throw: Tomahawk          |       |       |       |    10 |     5 |       ||    15
Invok: Whirlwind         |       |       |    18 |    33 |   164 |    96 ||   311
       Lunge             |       |       |    13 |    53 |    97 |    70 ||   233
       Wall Jump         |       |       |     1 |     8 |    13 |    19 ||    41
       Heavenly Storm    |       |       |       |       |       |     1 ||     1
Evoke: Wand              |       |       |       |    16 |    10 |     3 ||    29
  Use: Scroll            |       |     5 |     6 |    17 |    10 |    15 ||    53
       Potion            |       |     1 |     2 |     5 |     3 |     1 ||    12
 Stab: Sleeping          |     5 |     1 |       |     8 |       |       ||    14
       Distracted        |       |       |       |     2 |       |    12 ||    14
  Eat: Chunk             |     2 |     7 |    13 |    34 |    40 |     4 ||   100
       Ration            |       |       |     1 |     1 |     2 |     7 ||    11
Armor: Robe              |    15 |       |       |       |       |       ||    15
       Scale mail        |       |    45 |   125 |    27 |       |       ||   197
       Chain mail        |       |       |       |    39 |       |       ||    39
       Plate armour      |       |       |       |   283 |   697 |   201 ||  1181
       Ring mail         |       |       |       |    71 |     2 |     9 ||    82
Dodge: Dodged            |    59 |    81 |   247 |   439 |   756 |   298 ||  1880
Block: Buckler           |       |       |       |    24 |   215 |   111 ||   350
       Rpst.: Falchion   |    16 |    20 |    72 |     6 |       |       ||   114
       Long sword        |       |       |       |    83 |       |       ||    83
       Scimitar          |       |       |       |       |    34 |       ||    34
       Double sword      |       |       |       |       |    10 |    62 ||    72

Table legend:
 A = Spawn XP
 B = Non-spawn XP
 C = Spawn XP percentage of total XP
 D = Spawn monster count
 E = Non-spawn monster count
 F = Spawn count percentage of total count
 G = Total turns spent on level
                    A         B        C        D         E        F      G
               +---------+---------+-------+---------+---------+-------+---------
         Total |   10707 |  273469 |   3.8 |      20 |     908 |   2.2 | 43256
               +---------+---------+-------+---------+---------+-------+---------
           D:1 |       0 |      24 |   0.0 |       0 |      14 |   0.0 |   883
           D:2 |       0 |      61 |   0.0 |       0 |      20 |   0.0 |   735
           D:3 |       0 |     290 |   0.0 |       0 |      26 |   0.0 |  1228
           D:4 |       0 |      55 |   0.0 |       0 |      10 |   0.0 |  1184
           D:5 |       0 |     779 |   0.0 |       0 |      35 |   0.0 |  1160
           D:6 |       0 |    1491 |   0.0 |       0 |      25 |   0.0 |  1641
           D:7 |       0 |    1916 |   0.0 |       0 |      28 |   0.0 |  1127
           D:8 |       0 |     761 |   0.0 |       0 |      27 |   0.0 |  1269
           D:9 |       0 |    2230 |   0.0 |       0 |      28 |   0.0 |  2373
          D:10 |       0 |    2453 |   0.0 |       0 |      22 |   0.0 |   622
          D:11 |       0 |    9420 |   0.0 |       0 |      55 |   0.0 |  2038
        Lair:1 |       0 |    4511 |   0.0 |       0 |      55 |   0.0 |   945
        Lair:2 |       0 |    3912 |   0.0 |       0 |      20 |   0.0 |   885
        Lair:3 |       0 |   10952 |   0.0 |       0 |      26 |   0.0 |  1729
        Lair:4 |       0 |    7425 |   0.0 |       0 |      33 |   0.0 |  1274
        Lair:5 |       0 |   17225 |   0.0 |       0 |      65 |   0.0 |  3176
        Lair:6 |       0 |   21601 |   0.0 |       0 |      77 |   0.0 |  2084
       Snake:1 |       0 |    6170 |   0.0 |       0 |      13 |   0.0 |  1048
       Snake:2 |       0 |   13331 |   0.0 |       0 |      21 |   0.0 |   612
       Snake:3 |       0 |   18732 |   0.0 |       0 |      34 |   0.0 |   680
       Snake:4 |       0 |    7904 |   0.0 |       0 |      16 |   0.0 |    65
         Orc:1 |       0 |    1537 |   0.0 |       0 |      19 |   0.0 |   524
         Orc:2 |       0 |    9098 |   0.0 |       0 |      58 |   0.0 |  2097
         Elf:1 |       0 |   29519 |   0.0 |       0 |      50 |   0.0 |  2576
         Elf:2 |       0 |   40475 |   0.0 |       0 |      57 |   0.0 |  3962
         Elf:3 |       0 |   54156 |   0.0 |       0 |      44 |   0.0 |  2765
       Abyss:3 |   10707 |    2827 |  79.1 |      20 |       9 |  69.0 |   930
         IceCv |       0 |    4614 |   0.0 |       0 |      21 |   0.0 |  3572
               +---------+---------+-------+---------+---------+-------+---------
